Map: Frost LE

Players

AaGaM

  • Race: Protoss Protoss
  • League: Diamond

ELGOLDEN - Winner!

  • Race: Protoss Protoss
  • League: Silver

VOD

https://www.youtube.com/channel/UCcSgNfDNxvyisU-eCj9xyNg/playlists

Description

Time

  • Played on: Aug. 14, 2016, 11:53 a.m.
  • Length: 10:34
Show
View Real Time Build Order
Export as new Build Order

AaGaM Protoss 

Build Orders:  

Get SALT Encoding   

  12  0:01  Probe (Chrono Boost)  
  13  0:11  Probe (Chrono Boost)  
  14  0:18  Pylon  
  14  0:22  Probe (Chrono Boost)  
  15  0:37  Gateway  
  15  0:39  Probe (Chrono Boost)  
  16  0:45  Assimilator  
  16  0:49  Probe (Chrono Boost)  
  17  1:00  Probe (Chrono Boost)  
  18  1:10  Probe (Chrono Boost)  
  19  1:24  Cybernetics Core  
  19  1:26  Probe (Chrono Boost)  
  19  1:28  Assimilator  
  20  1:33  Pylon  
  20  1:37  Probe (Chrono Boost)  
  21  1:47  Probe (Chrono Boost)  
  22  2:00  Nexus  
  22  2:03  Probe (Chrono Boost)  
  23  2:08  Adept  
  23  2:13  Warp Gate  
  25  2:18  Probe (Chrono Boost)  
  26  2:30  Probe (Chrono Boost)  
  27  2:41  Mothership Core (Chrono Boost)  
  27  2:42  Stalker  
  31  2:52  Pylon  
  31  2:58  Robotics Facility  
  31  3:10  Probe (Chrono Boost)  
  32  3:17  Stalker  
  32  3:18  Probe (Chrono Boost)  
  35  3:20  Probe (Chrono Boost)  
  36  3:28  Probe (Chrono Boost)  
  36  3:31  Probe (Chrono Boost)  
  38  3:39  Probe (Chrono Boost)  
  39  3:42  Probe (Chrono Boost)  
  39  3:44  Observer  
  41  3:49  Probe (Chrono Boost)  
  41  3:53  Pylon  
  41  3:55  Probe (Chrono Boost)  
  43  4:00  Probe (Chrono Boost)  
  44  4:04  Stalker  
  44  4:06  Gateway  
  44  4:08  Twilight Council  
  46  4:12  Observer  
  45  4:19  Probe (Chrono Boost)  
  45  4:21  Probe (Chrono Boost)  
  45  4:23  Assimilator  
  47  4:29  Blink  
  47  4:30  Probe (Chrono Boost), Gateway  
  48  4:33  Probe (Chrono Boost), Pylon  
  49  4:42  Forge  
  49  4:50  Probe (Chrono Boost)  
  49  4:52  Stalker  
  49  5:03  Probe (Chrono Boost)  
  49  5:04  Probe (Chrono Boost), Stalker  
  49  5:06  Protoss Ground Weapons Level 1  
  53  5:10  Warp Prism  
  53  5:14  Probe (Chrono Boost)  
  56  5:16  Probe (Chrono Boost), Stalker  
  59  5:23  Assimilator  
  59  5:24  Probe (Chrono Boost)  
  59  5:28  Probe (Chrono Boost)  
  59  5:30  Stalker  
  61  5:38  Stalker  
  61  5:42  Probe x2 (Chrono Boost)  
  62  5:54  Probe x2 (Chrono Boost)  
  64  6:00  Photon Cannon  
  64  6:06  Probe (Chrono Boost)  
  64  6:07  Adept x2  
  69  6:15  Pylon  
  69  6:23  Mothership Core (Chrono Boost), Pylon x2  
  70  6:26  Dark Shrine  
  70  6:31  Immortal, Nexus  
  70  6:37  Photon Cannon  
  70  6:39  Pylon  
  74  6:42  Stalker x2  
  74  6:46  Protoss Ground Weapons Level 2  
  78  6:52  Gateway  
  80  7:02  Probe x2 (Chrono Boost)  
  80  7:08  Immortal  
  80  7:14  Probe x2 (Chrono Boost)  
  86  7:26  Probe (Chrono Boost)  
  86  7:27  Probe (Chrono Boost)  
  88  7:36  Gateway  
  88  7:38  Gateway  
  88  7:39  Assimilator, Gateway  
  88  7:40  Gateway, Dark Templar x2  
  92  7:44  Dark Templar  
  94  7:56  Probe x2 (Chrono Boost)  
  96  7:59  Photon Cannon  
  96  8:01  Probe (Chrono Boost)  
  97  8:08  Probe (Chrono Boost)  
  98  8:13  Stalker x2  
  98  8:16  Stalker  
  104  8:25  Probe x2 (Chrono Boost)  
  104  8:26  Pylon  
  89  8:42  Immortal  
  89  8:45  Stalker x2  
  85  8:50  Dark Templar  
  85  8:56  Stalker  
  85  8:57  Stalker  
  86  9:10  Probe (Chrono Boost)  
  86  9:11  Assimilator  
  82  9:21  Immortal  
  82  9:24  Templar Archives  
  82  9:28  Stalker x3  
  82  9:29  Stalker x5  
  104  9:32  Probe x2 (Chrono Boost)  
  104  9:34  Probe (Chrono Boost)  
  105  9:44  Robotics Facility, Probe (Chrono Boost)  
  106  9:46  Pylon  
  106  9:55  Immortal  
  110  10:12  Stalker x2  
  110  10:13  Zealot x3, Stalker x2  
  110  10:25  Stalker  
Show
View Real Time Build Order
Export as new Build Order

ELGOLDEN Protoss - Winner!

Build Orders: Phoenix Opening 

Get SALT Encoding   

  12  0:01  Probe (Chrono Boost)  
  13  0:12  Probe (Chrono Boost)  
  14  0:18  Pylon  
  14  0:22  Probe (Chrono Boost)  
  15  0:36  Gateway  
  15  0:38  Probe (Chrono Boost)  
  16  0:49  Probe (Chrono Boost), Assimilator  
  17  0:54  Assimilator  
  17  0:59  Probe (Chrono Boost)  
  18  1:09  Pylon  
  18  1:12  Probe (Chrono Boost)  
  19  1:22  Probe (Chrono Boost)  
  19  1:25  Cybernetics Core  
  23  1:33  Probe (Chrono Boost)  
  22  1:50  Nexus  
  22  1:53  Probe (Chrono Boost)  
  22  2:04  Mothership Core (Chrono Boost)  
  24  2:09  Stalker  
  26  2:22  Probe (Chrono Boost)  
  27  2:30  Stargate  
  27  2:32  Probe (Chrono Boost)  
  28  2:40  Pylon  
  28  2:41  Warp Gate  
  28  2:43  Probe (Chrono Boost)  
  29  2:53  Probe (Chrono Boost)  
  30  3:04  Probe (Chrono Boost)  
  31  3:10  Probe (Chrono Boost)  
  31  3:12  Phoenix  
  32  3:16  Probe (Chrono Boost)  
  35  3:21  Probe (Chrono Boost), Assimilator  
  36  3:28  Probe (Chrono Boost)  
  36  3:31  Probe (Chrono Boost)  
  36  3:33  Phoenix  
  37  3:40  Probe (Chrono Boost), Assimilator  
  40  3:42  Probe (Chrono Boost)  
  40  3:47  Stargate  
  41  3:52  Probe x2 (Chrono Boost)  
  43  3:55  Phoenix  
  45  4:03  Probe (Chrono Boost)  
  45  4:04  Probe (Chrono Boost)  
  47  4:13  Probe (Chrono Boost)  
  47  4:16  Probe (Chrono Boost)  
  49  4:24  Probe (Chrono Boost)  
  50  4:25  Phoenix  
  50  4:28  Probe (Chrono Boost)  
  53  4:32  Nexus  
  53  4:34  Probe (Chrono Boost)  
  53  4:37  Pylon  
  54  4:55  Phoenix  
  58  5:02  Probe (Chrono Boost)  
  58  5:04  Probe (Chrono Boost)  
  58  5:06  Robotics Facility  
  60  5:13  Probe (Chrono Boost)  
  59  5:16  Probe (Chrono Boost)  
  60  5:24  Probe (Chrono Boost)  
  62  5:28  Probe (Chrono Boost)  
  62  5:40  Probe (Chrono Boost)  
  62  5:41  Probe (Chrono Boost)  
  62  5:44  Pylon  
  62  5:46  Pylon  
  62  5:49  Pylon  
  62  5:51  Probe (Chrono Boost)  
  62  5:53  Probe (Chrono Boost)  
  62  5:54  Observer  
  62  5:57  Robotics Bay  
  65  5:59  Probe (Chrono Boost), Pylon  
  65  6:00  Pylon, Assimilator  
  65  6:03  Probe (Chrono Boost)  
  68  6:05  Probe (Chrono Boost)  
  68  6:09  Assimilator, Stalker  
  68  6:10  Probe (Chrono Boost)  
  71  6:15  Probe (Chrono Boost)  
  72  6:29  Pylon  
  72  6:31  Forge, Extended Thermal Lance, Pylon  
  72  6:34  Pylon  
  72  6:35  Gateway  
  72  6:37  Gateway  
  72  6:38  Colossus  
  78  6:47  Stalker  
  78  6:51  Void Ray  
  80  6:55  Protoss Ground Weapons Level 1  
  80  6:56  Probe (Chrono Boost)  
  80  6:57  Probe x2 (Chrono Boost)  
  80  7:00  Twilight Council  
  87  7:02  Pylon  
  87  7:03  Pylon  
  87  7:06  Probe (Chrono Boost)  
  90  7:09  Probe x2 (Chrono Boost)  
  90  7:13  Stalker  
  90  7:14  Void Ray  
  94  7:18  Probe (Chrono Boost)  
  95  7:32  Probe (Chrono Boost), Stalker x2  
  95  7:33  Colossus  
  106  7:37  Stalker  
  106  7:38  Void Ray  
  106  7:43  Charge  
  112  7:46  Robotics Facility  
  114  7:51  Probe x2 (Chrono Boost)  
  114  7:59  Photon Cannon  
  114  8:01  Photon Cannon  
  114  8:02  Zealot x3  
  114  8:03  Photon Cannon  
  120  8:08  Photon Cannon  
  120  8:14  Void Ray  
  120  8:17  Photon Cannon  
  120  8:20  Oracle  
  120  8:22  Zealot x2  
  120  8:23  Zealot  
  129  8:45  Zealot x3  
  127  8:51  Probe x2 (Chrono Boost)  
  127  8:52  Probe (Chrono Boost)  
  123  9:02  Observer  
  125  9:03  Probe (Chrono Boost)  
  125  9:04  Probe x2 (Chrono Boost)  
  123  9:15  Probe (Chrono Boost)  
  123  9:16  Probe x2 (Chrono Boost)  
  126  9:18  Colossus  
  126  9:21  Photon Cannon  
  126  9:22  Photon Cannon, Stalker x3  
  132  9:30  Probe (Chrono Boost)  
  139  9:34  Pylon  
  139  9:35  Pylon  
  140  9:39  Probe (Chrono Boost)  
  140  9:40  Colossus  
  140  9:42  Pylon  
  140  9:46  Pylon  
  140  9:51  Zealot  
  140  9:52  Zealot x2  
  150  9:53  Pylon  
  152  10:02  Pylon  
  149  10:17  Nexus  
  139  10:29  Zealot x2  
  139  10:30  Zealot  
Tags
 
Add a new tag
Caveats
  • Supply blocks, unpowered buildings, or Contaminate may cause inaccurate times.
  • Supply counts are checked every 10 seconds.